Map: Ascension to Aiur LE

Players

LiquidMaNa (MaNa)

  • Race: Protoss Protoss
  • League: Grandmaster
  • Spawn Location: 11:00

Bly - Winner!

  • Race: Zerg Zerg
  • League: Master
  • Spawn Location: 5:00

VOD

Have the link to the VOD?

Description

Time

  • Played on: Dec. 10, 2017, 1:57 p.m.
  • Length: 20:28
Show
View Real Time Build Order
Export as new Build Order

LiquidMaNa Protoss 

Build Orders: 1 Gate Expand, Oracle Opening, Archon Immortal 

Get SALT Encoding   

  12  0:00  Probe  
  13  0:12  Probe  
  14  0:18  Pylon  
  14  0:25  Probe (Chrono Boost)  
  15  0:37  Probe (Chrono Boost)  
  17  0:43  Gateway  
  17  0:46  Probe (Chrono Boost)  
  17  0:51  Probe  
  17  0:52  Assimilator  
  18  1:03  Probe (Chrono Boost)  
  19  1:15  Probe (Chrono Boost)  
  20  1:26  Nexus  
  20  1:37  Cybernetics Core  
  20  1:40  Probe  
  20  1:45  Assimilator  
  21  1:52  Probe  
  22  1:57  Pylon  
  22  2:04  Probe  
  23  2:14  Warp Gate  
  23  2:15  Stalker  
  23  2:16  Probe (Chrono Boost)  
  26  2:28  Probe (Chrono Boost)  
  27  2:31  Stargate  
  27  2:36  Probe (Chrono Boost)  
  28  2:38  Probe (Chrono Boost)  
  30  2:45  Adept  
  30  2:49  Probe x2 (Chrono Boost)  
  33  2:53  Probe  
  33  2:54  Probe  
  35  3:05  Probe  
  36  3:07  Probe  
  36  3:12  Twilight Council  
  36  3:17  Probe  
  36  3:19  Probe  
  38  3:26  Gateway  
  41  3:27  Oracle (Chrono Boost)  
  41  3:29  Gateway  
  41  3:30  Probe  
  41  3:32  Probe  
  43  3:37  Pylon  
  43  3:42  Probe  
  43  3:44  Probe  
  43  3:48  Assimilator x2  
  45  3:52  Resonating Glaives (Chrono Boost)  
  45  3:54  Probe  
  46  3:56  Probe  
  46  4:02  Pylon  
  47  4:06  Probe  
  47  4:09  Probe  
  49  4:19  Robotics Facility, Probe, Adept  
  49  4:21  Probe  
  53  4:27  Pylon, Adept  
  53  4:28  Adept  
  53  4:31  Probe  
  58  4:33  Probe  
  59  4:49  Adept x3  
  59  4:52  Probe x2  
  67  4:53  Pylon  
  67  5:03  Nexus  
  67  5:10  Pylon  
  67  5:13  Adept x2  
  71  5:14  Adept  
  73  5:21  Warp Prism (Chrono Boost)  
  75  5:36  Adept x3  
  75  5:37  Probe x2  
  77  5:54  Immortal (Chrono Boost)  
  73  5:57  Adept x3  
  73  5:58  Probe x2  
  73  6:01  Robotics Facility  
  81  6:19  Shield Battery  
  81  6:20  Shield Battery  
  81  6:23  Immortal (Chrono Boost)  
  85  6:25  Adept x2  
  85  6:26  Adept  
  85  6:28  Probe x2  
  87  6:40  Probe x2  
  89  6:48  Immortal (Chrono Boost)  
  89  6:49  Sentry x3  
  89  6:52  Probe  
  98  6:59  Probe  
  93  7:04  Probe  
  90  7:09  Probe  
  90  7:11  Probe  
  90  7:12  Forge  
  90  7:14  Sentry x3  
  98  7:16  Probe  
  98  7:18  Gateway  
  98  7:19  Gateway  
  98  7:20  Gateway  
  98  7:21  Probe  
  100  7:24  Probe  
  101  7:45  Gateway  
  101  7:46  Protoss Ground Weapons Level 1 (Chrono Boost)  
  101  7:47  Gateway x2  
  101  7:49  Gateway  
  101  7:57  Templar Archives  
  101  8:06  Blink  
  101  8:13  Robotics Bay  
  101  8:18  Assimilator x2  
  101  8:21  Pylon  
  101  8:23  Pylon  
  101  8:24  Photon Cannon, Pylon  
  101  8:27  Pylon  
  101  8:35  Shield Battery  
  101  8:36  Pylon  
  101  8:37  Photon Cannon  
  101  8:39  Immortal (Chrono Boost), Probe x2  
  107  8:44  Adept x3  
  107  8:45  Probe  
  114  8:51  Probe x2  
  116  8:59  Colossus (Chrono Boost)  
  116  9:02  Nexus  
  116  9:07  High Templar x5  
  116  9:08  High Templar  
  128  9:11  Archon x2  
  128  9:12  Pylon, Archon  
  128  9:19  Pylon  
  128  9:20  Colossus (Chrono Boost)  
  134  9:29  Extended Thermal Lance (Chrono Boost)  
  134  9:30  Pylon  
  134  9:31  Pylon  
  134  9:48  Colossus  
  140  9:54  Adept x2  
  140  9:57  Protoss Ground Weapons Level 2 (Chrono Boost)  
  144  10:00  Stalker x2  
  144  10:02  Shield Battery  
  144  10:03  Shield Battery  
  144  10:05  Probe x3  
  151  10:12  Observer  
  152  10:16  Stalker x3  
  152  10:17  Probe x2  
  152  10:20  Photon Cannon  
  156  10:37  Zealot  
  156  10:43  Stalker x7  
  156  10:47  Adept  
  156  10:49  Observer  
  173  10:52  Assimilator  
  173  10:53  Assimilator  
  173  11:09  Stalker x7  
  187  11:14  Pylon  
  187  11:16  Pylon  
  187  11:19  Charge (Chrono Boost)  
  187  11:36  Zealot x6  
  194  11:59  Pylon  
  194  12:01  Pylon  
  187  12:02  Pylon  
  187  12:03  Pylon  
  173  12:12  Zealot x4  
  173  12:16  Protoss Ground Weapons Level 3  
  173  12:19  Psionic Storm  
  173  12:26  Probe x3  
  172  12:38  Probe x2  
  172  12:42  High Templar x5  
  172  12:43  High Templar  
  186  12:48  Nexus  
  186  12:50  Observer  
  182  12:53  Pylon  
  182  12:56  Stalker x3  
  188  12:59  Observer  
  188  13:04  Oracle (Chrono Boost)  
  189  13:17  Photon Cannon  
  189  13:18  Photon Cannon  
  189  13:19  Shield Battery  
  189  13:22  Shield Battery  
  162  14:06  Zealot x3  
  139  14:17  Stalker x3  
  139  14:18  Stalker x3  
  139  14:19  Immortal x2  
  153  14:36  Stalker x2  
  153  14:37  Stalker  
  153  14:43  High Templar x2  
  153  14:44  Oracle, High Templar x2  
  164  14:46  High Templar  
  164  14:47  High Templar  
  164  14:48  Probe x4  
  164  14:49  Assimilator  
  164  14:50  Archon x2, Assimilator  
  164  14:51  Archon  
  172  15:00  Probe x3  
  175  15:07  High Templar  
  175  15:10  High Templar  
  179  15:16  Nexus  
  179  15:30  High Templar  
  179  15:34  Pylon  
  181  15:37  Assimilator  
  181  15:41  Assimilator  
  179  15:49  Stalker x3  
  185  15:50  Stalker x5  
  195  16:09  Observer  
  189  16:18  Stargate  
  189  16:20  Fleet Beacon  
  189  16:23  Observer  
  186  16:46  Nexus  
  172  17:01  Zealot x2  
  172  17:02  Pylon, Zealot x6  
  172  17:03  Zealot  
  172  17:04  Stargate  
  172  17:05  Stargate  
  183  17:23  Zealot x4  
  195  17:52  Nexus  
  176  18:08  High Templar x4  
  176  18:09  High Templar  
  95  18:44  Cybernetics Core  
  90  18:48  Gateway  
  90  18:50  Gateway x2  
  88  19:01  Gateway  
  87  19:22  Stalker x3  
  93  19:28  Pylon  
  93  19:30  Pylon  
  93  19:37  Pylon  
  93  19:40  Pylon  
Show
View Real Time Build Order
Export as new Build Order

Bly Zerg - Winner!

Build Orders: Hatch First, Brood Lord Corruptor, Lurkers 

Get SALT Encoding   

  12  0:01  Drone  
  13  0:13  Overlord  
  13  0:20  Drone  
  14  0:31  Drone x2  
  16  0:35  Drone  
  17  0:51  Hatchery  
  17  0:55  Drone  
  17  1:02  Drone  
  18  1:06  Extractor  
  17  1:16  Spawning Pool  
  16  1:21  Drone x2  
  18  1:29  Drone  
  19  1:41  Overlord  
  19  1:56  Drone  
  20  2:02  Drone  
  20  2:03  Queen x2  
  20  2:04  Zergling x2  
  26  2:12  Drone  
  27  2:16  Metabolic Boost  
  27  2:20  Drone  
  28  2:36  Drone  
  29  2:38  Hatchery, Drone  
  29  2:47  Drone x2  
  29  2:49  Overlord  
  31  2:54  Queen  
  33  2:59  Overlord  
  32  3:15  Drone x3  
  35  3:22  Drone x4  
  35  3:26  Zergling x2  
  40  3:36  Queen  
  40  3:37  Queen  
  40  3:38  Overlord  
  40  3:39  Overlord  
  44  3:50  Drone x2  
  44  3:51  Drone x4  
  50  3:56  Queen  
  50  3:57  Drone x2  
  54  4:05  Drone x5  
  59  4:11  Overlord x2  
  59  4:21  Spore Crawler x2  
  59  4:23  Overlord, Spore Crawler  
  56  4:30  Drone  
  56  4:31  Drone  
  58  4:33  Lair  
  58  4:36  Drone, Roach Warren  
  58  4:37  Extractor  
  57  4:44  Drone x2  
  57  4:45  Drone x2  
  61  4:49  Hatchery  
  61  4:52  Drone x2  
  62  4:55  Extractor  
  62  4:59  Zergling x10  
  65  5:09  Overlord  
  65  5:13  Overlord x2  
  65  5:17  Extractor  
  65  5:19  Roach x5  
  74  5:23  Roach x2  
  78  5:30  Zergling x2  
  78  5:31  Zergling x6  
  82  5:36  Zergling x6  
  82  5:38  Glial Reconstitution  
  76  5:50  Drone x2  
  76  5:55  Drone  
  76  5:56  Drone x5  
  79  6:00  Drone  
  80  6:12  Drone x5  
  80  6:17  Drone x2  
  87  6:19  Hydralisk Den  
  87  6:21  Drone  
  87  6:30  Overlord  
  80  6:41  Zergling x22  
  88  6:53  Zergling x12  
  83  7:08  Drone x4  
  84  7:09  Drone x5  
  84  7:11  Drone x3  
  84  7:15  Spore Crawler  
  93  7:17  Lurker Den  
  93  7:20  Drone x2  
  93  7:21  Drone  
  95  7:33  Drone, Spore Crawler  
  95  7:36  Drone x3  
  95  7:37  Drone x3  
  94  7:38  Drone  
  94  7:41  Drone, Extractor x2  
  96  7:50  Drone x2  
  96  7:51  Drone x8  
  103  7:52  Drone  
  107  8:00  Overlord  
  104  8:12  Muscular Augments  
  104  8:15  Drone  
  104  8:16  Drone x2  
  104  8:17  Evolution Chamber  
  105  8:23  Hydralisk x8  
  105  8:26  Drone  
  105  8:27  Drone x2  
  124  8:38  Hydralisk x2  
  127  8:45  Zerg Missile Weapons Level 1  
  126  9:05  Drone x2  
  126  9:07  Overlord x6  
  128  9:10  Extractor x2  
  128  9:12  Spire, Infestation Pit  
  124  9:22  Overlord  
  124  9:24  Overseer  
  124  9:27  Drone x3  
  124  9:28  Drone x3  
  130  9:32  Spine Crawler  
  129  9:41  Hydralisk x8  
  142  9:49  Hydralisk x8  
  142  9:50  Hydralisk  
  155  9:59  Overseer x2  
  155  10:02  Drone x2  
  155  10:03  Drone x2  
  158  10:17  Hatchery, Lurker x3  
  158  10:18  Lurker  
  161  10:31  Hive  
  155  10:50  Lurker x2  
  155  10:51  Lurker x4  
  155  10:54  Zergling x2  
  155  10:55  Zergling x44  
  155  10:56  Zerg Melee Weapons Level 1  
  184  11:01  Evolution Chamber  
  184  11:02  Overseer  
  181  11:16  Spine Crawler  
  180  11:19  Spine Crawler  
  179  11:26  Overlord x2  
  179  11:27  Zerg Missile Weapons Level 2  
  179  11:29  Hydralisk  
  179  11:30  Hydralisk x4  
  186  11:50  Spore Crawler x2  
  184  11:57  Greater Spire  
  184  11:58  Overlord  
  184  11:59  Adaptive Talons  
  135  12:35  Corruptor x6  
  135  12:36  Corruptor x7  
  154  12:39  Zergling x16  
  154  12:41  Hatchery  
  157  12:53  Hatchery  
  155  13:10  Brood Lord  
  155  13:11  Brood Lord x7  
  169  13:29  Hydralisk x8  
  169  13:32  Hatchery  
  184  13:36  Brood Lord  
  167  14:08  Corruptor  
  167  14:09  Corruptor x6  
  173  14:16  Zergling x18  
  176  14:23  Hatchery  
  168  14:41  Drone x2  
  168  14:42  Drone x4  
  168  14:43  Drone x5  
  179  14:47  Pneumatized Carapace  
  179  14:48  Viper  
  179  14:50  Viper  
  185  14:56  Brood Lord x2  
  189  15:11  Overlord  
  189  15:13  Zerg Missile Weapons Level 3  
  189  15:15  Zerg Melee Weapons Level 2  
  180  15:51  Zergling x26  
  180  15:52  Zergling x2  
  180  15:53  Extractor  
  180  15:54  Spore Crawler, Extractor  
  180  15:55  Spine Crawler  
  180  15:56  Spine Crawler  
  189  16:07  Brood Lord x4  
  189  16:08  Brood Lord  
  198  16:25  Adrenal Glands  
  198  16:29  Drone  
  184  16:55  Corruptor  
  184  16:56  Corruptor x7  
  198  17:19  Viper x2  
  193  17:30  Zergling x12  
  186  17:46  Corruptor  
  186  17:47  Corruptor x5  
  192  17:53  Overlord x2  
  161  18:26  Hydralisk x3  
  153  18:28  Hydralisk x3  
  153  18:31  Spine Crawler x2  
  163  18:47  Spore Crawler x3  
  152  18:49  Spore Crawler  
  149  19:27  Hatchery  
  144  20:00  Hatchery  
Tags
 
Add a new tag
Caveats
  • Supply blocks, unpowered buildings, or Contaminate may cause inaccurate times.
  • Supply counts are checked every 10 seconds.